TOP OF THE 1ST |
Kingsport Mets batting - Pitching for Billings Mustangs : RHP Markus Bevan
|
Pitching: RHP Markus Bevan
|
|
Batting: SHB Tyler Maddux
|
0-0: Called Strike 0-1: Ball 1-1: Fly out, F8 (Flyball, 8RXD, EV 101.2 MPH)
|
Batting: RHB Andy Carrell
|
0-0: Ball 1-0: Ball 2-0: SOLO HOME RUN (Flyball, 7LD, EV 96.2 MPH), Distance : 337 ft
|
Batting: LHB Dan Bremseth
|
0-0: Ground out 4-3 (Groundball, 4, EV 80.0 MPH)
|
Batting: LHB Miguel Ramos
|
0-0: Called Strike 0-1: Called Strike 0-2: Strikes out swinging
|
Top of the 1st over - 1 run, 1 hit, 0 errors, 0 left on base; Kingsport 1 - Billings 0 |
BOTTOM OF THE 1ST |
Billings Mustangs batting - Pitching for Kingsport Mets : RHP Sandro Fibonacci
|
Pitching: RHP Sandro Fibonacci
|
|
Batting: RHB Jake Savell
|
0-0: Called Strike 0-1: Ball 1-1: Called Strike 1-2: Ball 2-2: Ball 3-2: Base on Balls
|
Batting: LHB Matt Kennedy
|
0-0: Ball 1-0: Ball Jake Savell steals 2nd base 2-0: 2-RUN HOME RUN (Flyball, 9D, EV 106.2 MPH), Distance : 391 ft
|
Batting: LHB Brian Dickeson
|
0-0: Fly out, F9 (Flyball, 89M, EV 81.2 MPH)
|
Batting: RHB Andy Bachman
|
0-0: Called Strike 0-1: Ball 1-1: Ball 2-1: Foul Ball, location: 2F 2-2: SINGLE (Line Drive, 4MD, EV 96.2 MPH)
|
Batting: LHB Jeremy Robertson
|
0-0: Ball 1-0: SINGLE (Groundball, 4MD, EV 94.4 MPH) Andy Bachman to second Runner from 2nd tries for 3rd, SAFE, throw by CF made to third
|
Batting: RHB Sang-ton Pak
|
0-0: Ball 1-0: Ball 2-0: SINGLE (Line Drive, 34D, EV 100.0 MPH) Andy Bachman scores Jeremy Robertson to second
|
Batting: SHB David Garnica
|
0-0: Ball 1-0: SINGLE (Flyball, 78S, EV 95.0 MPH) Jeremy Robertson to third Sang-ton Pak to second Runner from 3rd tries for Home, throw by CF and OUT! 8-2
|
Batting: SHB Gustavo Froio
|
0-0: Ground out 4-3 (Groundball, 4M, EV 95.0 MPH)
|
Bottom of the 1st over - 3 runs, 5 hits, 0 errors, 2 left on base; Kingsport 1 - Billings 3 |
TOP OF THE 2ND |
Kingsport Mets batting - Pitching for Billings Mustangs : RHP Markus Bevan
|
Batting: SHB Nick Daigle
|
0-0: Called Strike 0-1: Ball 1-1: Ground out 4-3 (Groundball, 4, EV 81.9 MPH)
|
Batting: RHB Coltin Nellis
|
0-0: Foul Ball, location: 2F 0-1: Ball 1-1: SINGLE (Line Drive, 34, EV 97.5 MPH)
|
Batting: RHB Chris Graham
|
0-0: Ball 1-0: Ball 2-0: SINGLE (Groundball, 25, EV 68.1 MPH) (infield hit) Coltin Nellis to second
|
Batting: RHB Roberto Delgado
|
0-0: Ball 1-0: Fly out, F7 (Flyball, 7, EV 77.5 MPH)
|
Batting: LHB Matt Baker
|
0-0: Ball 1-0: Ball 2-0: Called Strike 2-1: Swinging Strike 2-2: Foul Ball, location: 2F 2-2: Ball 3-2: Base on Balls Coltin Nellis to third Chris Graham to second
|
Batting: SHB Tyler Maddux
|
0-0: Ball 1-0: Swinging Strike 1-1: Ball 2-1: Foul Ball, location: 2F 2-2: Foul Ball, location: 2F 2-2: Foul Ball, location: 2F 2-2: Strikes out looking
|
Top of the 2nd over - 0 runs, 2 hits, 0 errors, 3 left on base; Kingsport 1 - Billings 3 |
BOTTOM OF THE 2ND |
Billings Mustangs batting - Pitching for Kingsport Mets : RHP Sandro Fibonacci
|
Batting: RHB Mario Gomez
|
0-0: Bunt missed! 0-1: Ball 1-1: Foul Ball, location: 2F 1-2: Foul Ball, location: 2F 1-2: Ball 2-2: Ball 3-2: Base on Balls
|
Batting: RHB Jake Savell
|
0-0: Called Strike Mario Gomez steals 2nd, throwing error, E2 Mario Gomez to third 0-1: SINGLE (Line Drive, 9S, EV 106.9 MPH) Mario Gomez scores
|
Batting: LHB Matt Kennedy
|
0-0: Called Strike 0-1: Fielders Choice at 2nd, 4-6 (Groundball, 34D, EV 83.1 MPH)
|
Batting: LHB Brian Dickeson
|
0-0: Ball Matt Kennedy steals 2nd base 1-0: Called Strike 1-1: Ball 2-1: Foul Ball, location: 2F 2-2: Fly out, F7 (Flyball, 7LD, EV 90.0 MPH)
|
Batting: RHB Andy Bachman
|
0-0: Ball 1-0: Ball 2-0: Ball Passed Ball! Matt Kennedy to third 3-0: Base on Balls
|
Batting: LHB Jeremy Robertson
|
0-0: Ball 1-0: Called Strike Passed Ball! Matt Kennedy scores Andy Bachman to second 1-1: Ball Passed Ball! Andy Bachman to third 2-1: Ball 3-1: Base on Balls
|
Batting: RHB Sang-ton Pak
|
0-0: Ball Jeremy Robertson steals 2nd base 1-0: Foul Ball, location: 2F 1-1: Ball 2-1: Foul Ball, location: 2F 2-2: Ball 3-2: Foul Ball, location: 2F 3-2: Base on Balls
|
Batting: SHB David Garnica
|
0-0: Foul Ball, location: 2F 0-1: Swinging Strike 0-2: Ball Wild Pitch! Andy Bachman scores Jeremy Robertson to third Sang-ton Pak to second 1-2: Ground out 5-3 (Groundball, 56, EV 104.4 MPH)
|
Bottom of the 2nd over - 3 runs, 1 hit, 1 error, 2 left on base; Kingsport 1 - Billings 6 |
TOP OF THE 3RD |
Kingsport Mets batting - Pitching for Billings Mustangs : RHP Markus Bevan
|
Batting: RHB Andy Carrell
|
0-0: Ball 1-0: Ball 2-0: Foul Ball, location: 2F 2-1: Swinging Strike 2-2: Ball 3-2: Foul Ball, location: 2F 3-2: SOLO HOME RUN (Flyball, 9D, EV 99.4 MPH), Distance : 385 ft
|
Batting: LHB Dan Bremseth
|
0-0: Ball 1-0: Swinging Strike 1-1: Ball 2-1: Foul Ball, location: 2F 2-2: Ball 3-2: Strikes out swinging
|
Batting: LHB Miguel Ramos
|
0-0: Ball 1-0: Ball 2-0: Ball 3-0: Base on Balls
|
Batting: SHB Nick Daigle
|
0-0: Reached on error, E5 (Groundball, 56S, EV 76.9 MPH) Miguel Ramos to second
|
Batting: RHB Coltin Nellis
|
0-0: Ball 1-0: SINGLE (Groundball, 34D, EV 97.5 MPH) Miguel Ramos to third Nick Daigle to second Runner from 3rd tries for Home, SAFE, throw by RF to home
|
Batting: RHB Chris Graham
|
0-0: Called Strike 0-1: Grounds into double play, 6-4-3 (Groundball, 6, EV 78.8 MPH)
|
Top of the 3rd over - 2 runs, 2 hits, 1 error, 1 left on base; Kingsport 3 - Billings 6 |
BOTTOM OF THE 3RD |
Billings Mustangs batting - Pitching for Kingsport Mets : RHP Sandro Fibonacci
|
Batting: SHB Gustavo Froio
|
0-0: Called Strike 0-1: Swinging Strike 0-2: Ball 1-2: Foul Ball, location: 2F 1-2: Strikes out swinging
|
Batting: RHB Mario Gomez
|
0-0: Ball 1-0: Ball 2-0: Called Strike 2-1: Swinging Strike 2-2: Foul Ball, location: 2F 2-2: Strikes out swinging
|
Batting: RHB Jake Savell
|
0-0: Called Strike 0-1: Foul Ball, location: 2F 0-2: Ball 1-2: Ball 2-2: Foul Ball, location: 2F 2-2: Ball 3-2: Foul Ball, location: 2F 3-2: Base on Balls
|
Batting: LHB Matt Kennedy
|
0-0: Called Strike Jake Savell steals 2nd base 0-1: Foul Ball, location: 2F 0-2: Ball 1-2: Strikes out swinging
|
Bottom of the 3rd over - 0 runs, 0 hits, 0 errors, 1 left on base; Kingsport 3 - Billings 6 |
TOP OF THE 4TH |
Kingsport Mets batting - Pitching for Billings Mustangs : RHP Markus Bevan
|
Batting: RHB Roberto Delgado
|
0-0: Ball 1-0: Ball 2-0: DOUBLE (Line Drive, 7LM, EV 98.8 MPH)
|
Batting: LHB Matt Baker
|
0-0: Hit by Pitch
|
Pitching: LHP Armando Arellano
|
|
Batting: SHB Tyler Maddux
|
0-0: Ball 1-0: Ball Passed Ball! Roberto Delgado to third Matt Baker to second 2-0: Called Strike 2-1: SINGLE (Groundball, 6MD, EV 100.0 MPH) Roberto Delgado scores Matt Baker to third Runner from 3rd tries for Home, SAFE, throw by CF to home
|
Batting: RHB Andy Carrell
|
0-0: Ball 1-0: Foul Ball, location: 2F 1-1: Ball 2-1: Ball 3-1: Fly out, F8 (Line Drive, 89M, EV 91.2 MPH)
|
Batting: LHB Dan Bremseth
|
0-0: Called Strike Tyler Maddux steals 2nd base 0-1: Ball 1-1: Ball 2-1: Ball 3-1: Base on Balls
|
Batting: LHB Miguel Ramos
|
0-0: Ball 1-0: Called Strike 1-1: Fly out, F9 (Flyball, 9D, EV 94.4 MPH) Runner from 2nd tags up, SAFE at 3rd, no throw by RF
|
Batting: SHB Nick Daigle
|
0-0: Called Strike 0-1: Ball 1-1: Foul Ball, location: 2F 1-2: Strikes out looking
|
Top of the 4th over - 2 runs, 2 hits, 0 errors, 2 left on base; Kingsport 5 - Billings 6 |
BOTTOM OF THE 4TH |
Billings Mustangs batting - Pitching for Kingsport Mets : RHP Sandro Fibonacci
|
Batting: LHB Brian Dickeson
|
0-0: Called Strike 0-1: Ball 1-1: Foul Ball, location: 2F 1-2: Ball 2-2: Foul Ball, location: 2F 2-2: Ball 3-2: Base on Balls
|
Batting: RHB Andy Bachman
|
0-0: Ball Wild Pitch! Brian Dickeson to second 1-0: Ball Wild Pitch! Brian Dickeson to third 2-0: Ball Passed Ball! Brian Dickeson scores 3-0: Base on Balls
|
Batting: LHB Jeremy Robertson
|
0-0: Ball Andy Bachman steals 2nd base 1-0: Called Strike 1-1: Ball Andy Bachman is caught stealing 3rd base 2-5 2-1: Called Strike 2-2: Single, Error in OF, E9, batter to second base (Line Drive, 34D, EV 95.0 MPH)
|
Batting: RHB Sang-ton Pak
|
0-0: Ball 1-0: Ball Wild Pitch! Jeremy Robertson to third 2-0: Foul Ball, location: 2F 2-1: 2-RUN HOME RUN (Flyball, 7D, EV 95.0 MPH), Distance : 367 ft
|
Pitching: RHP Rob Fennell
|
|
Batting: SHB David Garnica
|
0-0: Ball 1-0: Ball 2-0: Ball 3-0: Called Strike 3-1: Base on Balls
|
Batting: SHB Gustavo Froio
|
0-0: Fly out, F8 (Line Drive, 8RD, EV 94.4 MPH)
|
Batting: RHB Mario Gomez
|
0-0: Called Strike David Garnica steals 2nd base 0-1: Ball 1-1: Ball 2-1: Foul Ball, location: 2F 2-2: Ball 3-2: SINGLE (Groundball, 4M, EV 96.2 MPH) (infield hit) David Garnica to third
|
Batting: RHB Jake Savell
|
0-0: Swinging Strike 0-1: Ground out U3 (Groundball, 3, EV 96.2 MPH)
|
Bottom of the 4th over - 3 runs, 3 hits, 1 error, 2 left on base; Kingsport 5 - Billings 9 |
TOP OF THE 5TH |
Kingsport Mets batting - Pitching for Billings Mustangs : LHP Armando Arellano
|
Batting: RHB Coltin Nellis
|
0-0: Ball 1-0: Fly out, F6 (Line Drive, 56, EV 68.1 MPH)
|
Batting: RHB Chris Graham
|
0-0: SOLO HOME RUN (Flyball, 9D, EV 95.0 MPH), Distance : 370 ft
|
Batting: RHB Roberto Delgado
|
0-0: Fly out, F4 (Popup, 23, EV 83.1 MPH)
|
Batting: LHB Matt Baker
|
0-0: Called Strike 0-1: Ground out 4-3 (Groundball, 4, EV 83.8 MPH)
|
Top of the 5th over - 1 run, 1 hit, 0 errors, 0 left on base; Kingsport 6 - Billings 9 |
BOTTOM OF THE 5TH |
Billings Mustangs batting - Pitching for Kingsport Mets : RHP Rob Fennell
|
Batting: LHB Matt Kennedy
|
0-0: Ball 1-0: Ball 2-0: Ball 3-0: Base on Balls
|
Pitching: RHP Pat Sprague
|
|
Batting: LHB Brian Dickeson
|
0-0: Ball 1-0: Ball 2-0: Ball Wild Pitch! Matt Kennedy to second 3-0: Base on Balls
|
Batting: RHB Andy Bachman
|
0-0: Called Strike 0-1: Ball Passed Ball! Matt Kennedy to third Brian Dickeson to second 1-1: Swinging Strike 1-2: 3-RUN HOME RUN (Line Drive, 78XD, EV 105.0 MPH), Distance : 401 ft
|
Batting: LHB Jeremy Robertson
|
0-0: Ball 1-0: Called Strike 1-1: Foul Ball, location: 2F 1-2: Strikes out swinging
|
Batting: RHB Sang-ton Pak
|
0-0: Ball 1-0: Ball 2-0: Ball 3-0: Base on Balls
|
Batting: SHB David Garnica
|
0-0: Ball 1-0: Ball 2-0: Foul Ball, location: 2F 2-1: Foul Ball, location: 2F 2-2: Ball Passed Ball! Sang-ton Pak to second 3-2: Base on Balls
|
Pitching: LHP Matt Allert
|
|
Batting: SHB Gustavo Froio
|
0-0: Ball 1-0: Ball 2-0: Ball Wild Pitch! Sang-ton Pak to third David Garnica to second 3-0: Called Strike 3-1: Called Strike 3-2: Strikes out swinging
|
Batting: RHB Mario Gomez
|
0-0: Ball 1-0: Ball 2-0: Ball 3-0: Called Strike 3-1: Base on Balls
|
Batting: RHB Jake Savell
|
0-0: DOUBLE (Line Drive, 78XD, EV 100.0 MPH) Sang-ton Pak scores David Garnica scores Mario Gomez to third
|
Batting: LHB Matt Kennedy
|
0-0: Ball Passed Ball! Mario Gomez scores Jake Savell to third 1-0: Reached on error, E9 (Flyball, 9D, EV 100.0 MPH) Jake Savell scores
|
Batting: LHB Brian Dickeson
|
0-0: Ball Balk! Matt Kennedy to third 1-0: Ball 2-0: Foul Ball, location: 2F 2-1: Foul Ball, location: 2F 2-2: 2-RUN HOME RUN (Flyball, 9D, EV 99.4 MPH), Distance : 389 ft
|
Pitching: RHP Jason Jones
|
|
Batting: RHB Andy Bachman
|
0-0: Foul Ball, location: 2F 0-1: Ball 1-1: Ground out 4-3 (Groundball, 34, EV 90.0 MPH)
|
Bottom of the 5th over - 9 runs, 3 hits, 1 error, 0 left on base; Kingsport 6 - Billings 18 |
TOP OF THE 6TH |
Kingsport Mets batting - Pitching for Billings Mustangs : LHP Armando Arellano
|
Batting: SHB Tyler Maddux
|
0-0: SINGLE (Groundball, 56S, EV 63.8 MPH) (infield hit)
|
Batting: RHB Andy Carrell
|
0-0: Ball Tyler Maddux steals 2nd base 1-0: Ground out 5-3 (Groundball, 56S, EV 74.4 MPH) Tyler Maddux to third
|
Batting: LHB Dan Bremseth
|
0-0: Ball 1-0: Called Strike 1-1: Ball 2-1: Ball 3-1: Ground out 4-3 (Groundball, 4, EV 76.9 MPH) Tyler Maddux scores
|
Batting: LHB Miguel Ramos
|
0-0: Ball 1-0: Called Strike 1-1: Fly out, F8 (Flyball, 78XD, EV 96.9 MPH)
|
Top of the 6th over - 1 run, 1 hit, 0 errors, 0 left on base; Kingsport 7 - Billings 18 |
BOTTOM OF THE 6TH |
Billings Mustangs batting - Pitching for Kingsport Mets : RHP Jason Jones
|
Batting: LHB Jeremy Robertson
|
0-0: Called Strike 0-1: Foul Ball, location: 2F 0-2: Foul Ball, location: 2F 0-2: Strikes out swinging
|
Batting: RHB Sang-ton Pak
|
0-0: Ball 1-0: Ball 2-0: Ball 3-0: Called Strike 3-1: Foul Ball, location: 2F 3-2: Foul Ball, location: 2F 3-2: SINGLE (Flyball, 7LS, EV 93.8 MPH)
|
Batting: SHB David Garnica
|
0-0: DOUBLE (Flyball, 89D, EV 86.9 MPH) Sang-ton Pak to third
|
Batting: SHB Gustavo Froio
|
0-0: SINGLE (Groundball, 13S, EV 64.4 MPH) (infield hit)
|
Pinch Runner at 1st Chris Christaldi:
|
|
Batting: RHB Mario Gomez
|
0-0: Ball 1-0: Foul Ball, location: 2F 1-1: Ball 2-1: Swinging Strike 2-2: GRAND SLAM HOME RUN (Flyball, 7LD, EV 98.1 MPH), Distance : 357 ft
|
Pitching: RHP Warren Carmichael
|
|
Batting: RHB Jake Savell
|
0-0: Ball 1-0: Fly out, F8 (Flyball, 8LM, EV 88.8 MPH)
|
Batting: LHB Matt Kennedy
|
0-0: Swinging Strike 0-1: Hit by Pitch
|
Batting: LHB Brian Dickeson
|
0-0: Ball 1-0: Ball Wild Pitch! Matt Kennedy to second 2-0: Ball 3-0: Foul Ball, location: 2F 3-1: Called Strike 3-2: Foul Ball, location: 2F 3-2: Strikes out looking
|
Bottom of the 6th over - 4 runs, 4 hits, 0 errors, 1 left on base; Kingsport 7 - Billings 22 |
TOP OF THE 7TH |
Kingsport Mets batting - Pitching for Billings Mustangs : LHP Armando Arellano
|
Now at 3B: Al Blanchard
|
|
Batting: SHB Nick Daigle
|
0-0: Ball 1-0: SINGLE (Groundball, 6S, EV 76.2 MPH) (infield hit)
|
Batting: RHB Coltin Nellis
|
0-0: Called Strike Nick Daigle steals 2nd base (no throw) 0-1: Ball 1-1: Ball 2-1: Called Strike 2-2: Foul Ball, location: 2F 2-2: Foul Ball, location: 2F 2-2: Ball 3-2: Foul Ball, location: 2F 3-2: Base on Balls
|
Pitching: LHP Fred Barbour
|
|
Batting: RHB Chris Graham
|
0-0: Ball 1-0: Called Strike 1-1: Ball 2-1: Foul Ball, location: 2F 2-2: Grounds into double play, 6-4-3 (Groundball, 6, EV 78.8 MPH) Nick Daigle to third
|
Batting: RHB Roberto Delgado
|
0-0: Ball 1-0: Fly out, F7 (Flyball, 7D, EV 90.6 MPH)
|
Top of the 7th over - 0 runs, 1 hit, 0 errors, 1 left on base; Kingsport 7 - Billings 22 |
BOTTOM OF THE 7TH |
Billings Mustangs batting - Pitching for Kingsport Mets : RHP Warren Carmichael
|
Batting: RHB Andy Bachman
|
0-0: Called Strike 0-1: Foul Ball, location: 2F 0-2: Ball 1-2: Strikes out swinging, 2-3 out at first.
|
Batting: LHB Jeremy Robertson
|
0-0: Ground out 4-3 (Groundball, 4, EV 76.2 MPH)
|
Batting: RHB Sang-ton Pak
|
0-0: Fly out, F7 (Flyball, 78M, EV 91.9 MPH)
|
Bottom of the 7th over - 0 runs, 0 hits, 0 errors, 0 left on base; Kingsport 7 - Billings 22 |
TOP OF THE 8TH |
Kingsport Mets batting - Pitching for Billings Mustangs : LHP Fred Barbour
|
Batting: LHB Matt Baker
|
0-0: Ball 1-0: Ball 2-0: Ground out 6-3 (Groundball, 6D, EV 105.0 MPH)
|
Batting: SHB Tyler Maddux
|
0-0: Called Strike 0-1: Ball 1-1: Ball 2-1: Ball 3-1: Base on Balls
|
Batting: RHB Andy Carrell
|
0-0: Ball 1-0: Swinging Strike 1-1: Hit by Pitch Tyler Maddux to second
|
Batting: LHB Dan Bremseth
|
0-0: Ball 1-0: Ball 2-0: Ball 3-0: Base on Balls Tyler Maddux to third Andy Carrell to second
|
Batting: LHB Miguel Ramos
|
0-0: Ball 1-0: Ball 2-0: Ball Balk! Tyler Maddux scores Andy Carrell to third Dan Bremseth to second 3-0: Base on Balls
|
Batting: SHB Nick Daigle
|
0-0: Called Strike 0-1: Ball 1-1: Ball 2-1: Ball 3-1: Foul Ball, location: 2F 3-2: Base on Balls Andy Carrell scores Dan Bremseth to third Miguel Ramos to second
|
Batting: RHB Coltin Nellis
|
0-0: Grounds into fielders choice 1-2 (Groundball, 13S, EV 64.4 MPH) Miguel Ramos to third Nick Daigle to second
|
Batting: RHB Chris Graham
|
0-0: Called Strike 0-1: Fly out, F7 (Flyball, 7, EV 83.1 MPH)
|
Top of the 8th over - 2 runs, 0 hits, 0 errors, 3 left on base; Kingsport 9 - Billings 22 |
BOTTOM OF THE 8TH |
Billings Mustangs batting - Pitching for Kingsport Mets : RHP Warren Carmichael
|
Batting: SHB David Garnica
|
0-0: Swinging Strike 0-1: DOUBLE (Groundball, 5L, EV 101.2 MPH)
|
Batting: RHB Al Blanchard
|
0-0: Ball 1-0: Called Strike 1-1: Foul Ball, location: 2F 1-2: Foul Ball, location: 2F 1-2: Hit by Pitch
|
Batting: RHB Mario Gomez
|
0-0: Swinging Strike 0-1: Ball 1-1: Swinging Strike 1-2: SINGLE (Line Drive, 34D, EV 96.2 MPH) David Garnica to third Al Blanchard to second
|
Pinch Hitting: LHB William Matthews
|
0-0: Grounds into double play, 4-6-3 (Groundball, 4, EV 103.8 MPH) David Garnica scores Al Blanchard to third
|
Batting: RHB Yutaka Sato
|
0-0: Ball Wild Pitch! Al Blanchard scores 1-0: Called Strike 1-1: Called Strike 1-2: Foul Ball, location: 2F 1-2: Ball 2-2: Strikes out swinging
|
Bottom of the 8th over - 2 runs, 2 hits, 0 errors, 0 left on base; Kingsport 9 - Billings 24 |
TOP OF THE 9TH |
Kingsport Mets batting - Pitching for Billings Mustangs : LHP Fred Barbour
|
Now at 1B: William Matthews
|
|
Batting: RHB Roberto Delgado
|
0-0: Called Strike 0-1: Ground out 5-3 (Groundball, 56S, EV 90.0 MPH)
|
Batting: LHB Matt Baker
|
0-0: Ball 1-0: Called Strike 1-1: Ball 2-1: Fly out, F9 (Flyball, 89M, EV 83.1 MPH)
|
Pitching: RHP Elijah Benton
|
|
Batting: SHB Tyler Maddux
|
0-0: Called Strike 0-1: Ball 1-1: Ball 2-1: Ball 3-1: Called Strike 3-2: Fly out, F9 (Flyball, 9LM, EV 86.2 MPH)
|
Top of the 9th over - 0 runs, 0 hits, 0 errors, 0 left on base; Kingsport 9 - Billings 24 |
|